 Dungeon Crawl Stone Soup version 0.23-a0-635-g88ca12a (webtiles) character file.

166 Letos the Chiller (level 5, -2/28 HPs)
             Began as a Deep Elf Ice Elementalist on Dec 27, 2018.
             Killed by nerve-wracking pain
             ... invoked by an orc priest
              (10 damage)
             ... on level 3 of the Dungeon.
             The game lasted 00:05:15 (2943 turns).

Letos the Chiller (Deep Elf Ice Elementalist)       Turns: 2943, Time: 00:05:16

Health: -2/28      AC:  3    Str:  5    XL:     5   Next: 22%
Magic:  6/11       EV: 13    Int: 21    God:
Gold:   164        SH:  0    Dex: 15    Spells: 4/10 levels left

rFire    . . .     SeeInvis .   u - +0 blowgun
rCold    . . .     Gourm    .   (no shield)
rNeg     . . .     Faith    .   a - +0 robe
rPois    .         Spirit   .   (no helmet)
rElec    .         Reflect  .   (no cloak)
rCorr    .         Harm     .   r - +0 pair of gloves
MR       .....                  (no boots)
Stlth    ++........             (no amulet)
HPRegen  0.09/turn              h - ring of wizardry
MPRegen  0.12/turn              (no ring)

@: slowed, very slow
A: no striking features
a: no special abilities


You were on level 3 of the Dungeon.
You were not hungry.

You visited 1 branch of the dungeon, and saw 3 of its levels.

You collected 164 gold pieces.

Inventory:

Hand Weapons
 d - a +0 whip
 u - a +0 blowgun (weapon)
Missiles
 v - 5 poisoned needles (quivered)
Armour
 a - a +0 robe (worn)
 r - a +0 pair of gloves (worn)
Jewellery
 h - a ring of wizardry (left hand)
 i - an uncursed amulet of regeneration {unknown}
Wands
 t - a wand of digging (4)
Scrolls
 e - 6 scrolls of identify {unknown}
 f - 2 scrolls of fog {unknown}
 k - a scroll of random uselessness {unknown}
 l - 3 scrolls of magic mapping {unknown}
 n - 2 scrolls of enchant armour {unknown}
 o - 2 scrolls of teleportation {unknown}
 p - 6 scrolls of remove curse {unknown}
 s - a scroll of amnesia {unknown}
Potions
 b - a potion of agility {unknown}
 g - a potion of resistance {unknown}
 j - a potion of degeneration {unknown}
 m - a potion of magic {unknown}
 q - 2 potions of curing {unknown}
Comestibles
 c - 6 rations


   Skills:
 - Level 2.4 Dodging
 - Level 2.4 Stealth
 - Level 3.0 Spellcasting
 * Level 4.0 Conjurations
 + Level 5.2 Ice Magic


You had 4 spell levels left.
You knew the following spells:

 Your Spells              Type           Power        Failure   Level  Hunger
a - Freeze                Ice            ####         1%          1    None
b - Throw Frost           Conj/Ice       ###...       1%          2    ##.....
c - Ozocubu's Armour      Chrm/Ice       ##......     6%          3    ###....

Your spell library contained the following spells:

 Spells                   Type           Power        Failure   Level  Hunger
 Throw Icicle             Conj/Ice       ###.....     9%          4    ####...
 Summon Ice Beast         Ice/Summ       ##......     17%         4    ####...


Dungeon Overview and Level Annotations

Branches:
Dungeon (3/15)

Altars:
Ashenzari
Hepliaklqana


Message History

Press: ? - help, Shift-Dir - straight line, f - orc priest, p - orc wizard
Aim: an orc priest, wielding a +0 flail (translocational energy)
You freeze the orc priest.
The orc priest is moderately wounded.
The orc wizard looks more healthy.
The orc priest mumbles some strange prayers to Beogh against you.
Beogh smites you!
Casting: Freeze (safe; 1% risk of failure)
Confirm with . or Enter, or press ? or * to list all spells.
Aiming: Freeze (safe; 1% risk of failure)
Press: ? - help, Shift-Dir - straight line, f/p - orc priest
Aim: an orc priest, wielding a +0 flail (moderately wounded)
You freeze the orc priest.
The orc priest is severely wounded.
The orc wizard casts a spell at you. The magic dart hits you!
* * * LOW HITPOINT WARNING * * *
The orc priest invokes the aid of Beogh against you.
Pain shoots through your body!
You die...

#((# #..# #(.#
#..# #..#
#..###..#
#o....... #@# #o#
#.# #.# #.# #.#
#.# #.# #.# #.#
#.########## #.#
#.##.(.....###
#.###.##..........
#.....##..........


You could see an orc priest and an orc wizard.

Vanquished Creatures
  Jessica (D:2)
  7 adders
  A worm (D:2)
  4 leopard geckos
  6 orcs (D:3)
  3 ball pythons
  2 giant cockroaches (D:2)
  6 goblins
  13 hobgoblins
  A quokka (D:2)
  3 bats (D:1)
  A frilled lizard (D:2)
  10 kobolds
  6 rats (D:1)
64 creatures vanquished.

Notes
Turn   | Place    | Note
-------+----------+-------------------------------------------
     0 | D:1      | Letos the Deep Elf Ice Elementalist began the quest for the
                  | Orb.
     0 | D:1      | Reached XP level 1. HP: 10/10 MP: 6/6
    73 | D:1      | Reached XP level 2. HP: 13/15 MP: 5/8
   216 | D:1      | Reached skill level 4 in Ice Magic
   528 | D:1      | Learned a level 2 spell: Throw Frost
   881 | D:2      | Reached XP level 3. HP: 19/19 MP: 6/9
   899 | D:2      | Learned a level 3 spell: Ozocubu's Armour
  1239 | D:2      | Found a hazy altar of Hepliaklqana.
  1239 | D:2      | Found a shattered altar of Ashenzari.
  1372 | D:2      | Reached XP level 4. HP: 17/24 MP: 4/10
  1631 | D:2      | Noticed Jessica
  1637 | D:2      | Killed Jessica
  1637 | D:2      | Reached skill level 5 in Ice Magic
  2231 | D:3      | Reached XP level 5. HP: 24/28 MP: 9/11
  2943 | D:3      | Killed from afar by an orc priest

Vault maps used:
D:1:      lightli_molten_gateway
D:2:      gammafunk_temple_overflow_pools, grunt_decor_arrowhead, uniq_jessica
D:3:      uniq_grinder

Skill      XL: |  1  2  3  4  5 |
---------------+----------------+-----
Ice Magic      | 4 5 |  5.2
Conjurations   | 2 3 4 |  4.0
Dodging        | |  2.4
Stealth        | |  2.4
Spellcasting   | |  3.0

Action                   |  1- 3 |  4- 6 || total
-------------------------+-------+-------++-------
Melee: Whip              |    66 |    24 ||    90
       Mace              |     4 |       ||     4
 Fire: Blowgun           |       |     6 ||     6
 Cast: Freeze            |    33 |    44 ||    77
       Throw Frost       |     1 |     1 ||     2
 Stab: Sleeping          |     3 |     3 ||     6
  Eat: Chunk             |     1 |     5 ||     6
Armor: Robe              |    22 |     5 ||    27
Dodge: Dodged            |    68 |    42 ||   110

Table legend:
 A = Non-vault XP
 B = Vault XP
 C = Vault XP percentage of total XP
 D = Non-vault monster count
 E = Vault monster count
 F = Vault count percentage of total count
                 A         B        C        D         E       F
            +---------+---------+-------+---------+---------+-------
      Total |     201 |      37 |  15.5 |      63 |       1 |   1.6
            +---------+---------+-------+---------+---------+-------
        D:1 |      36 |       0 |   0.0 |      24 |       0 |   0.0
        D:2 |      89 |      37 |  29.4 |      21 |       1 |   4.5
        D:3 |      76 |       0 |   0.0 |      18 |       0 |   0.0
            +---------+---------+-------+---------+---------+-------
